 Dungeon Crawl Stone Soup version 0.31-a0-859-g9dce7d3444 (webtiles) character file.

Game seed: 6438606746154628976

7783 Lugonue the Martial Artist (level 11, -9/82 HPs)
             Began as a Red Draconian Venom Mage on Oct 7, 2023.
             Was an Initiate of Vehumet.
             Mangled by a spriggan defender skeleton (12 damage)
             ... on level 2 of the Abyss on Oct 9, 2023.
             The game lasted 00:44:02 (10340 turns).

Lugonue the Martial Artist (DrVM)                  Turns: 10340, Time: 00:44:04

Health: -9/82      AC: 13    Str: 17      XL:     11   Next: 1%
Magic:  31/31      EV: 16    Int: 12 (14) God:    Vehumet [......]
Gold:   559        SH:  0    Dex: 20      Spells: 7/25 levels left

rFire   + .          .
                       - Unarmed
rCold   . . .        c - orb {mayhem}
rNeg    . . .        (body armour unavailable)
rPois   +            B - +3 hat of the Beggars {Int-2 Dex+7}
rElec   .            y - +1 cloak of Iklierio {rPois Str+4}
rCorr   +            x - +0 pair of gloves
SInv    .            (no boots)
Will    .....        (no amulet)
Stlth   +++          u - ring of resist corrosion
HPRegen 0.33/turn    t - ring of magical power
MPRegen 0.22/turn

%: mayhem
@: mighty
A: breathe fire, AC +7, unfitting armour, fire resistance 1, cold-blooded, frail
1
a: Breathe Fire, Renounce Religion


You were on level 2 of the Abyss.
You worshipped Vehumet.
Vehumet was noncommittal.
You visited 2 branches of the dungeon, and saw 10 of its levels.
You visited the Abyss 1 time.
You also visited: Ossuary.

You collected 559 gold pieces.

Inventory:

Hand Weapons
 a - the +6 Majin-Bo {spellvamp, MP+6 Int+6}
   (You acquired it on level 7 of the Dungeon)

   Int+6:     It affects your intelligence (+6).
   MP+6:      It affects your magic capacity (+6).
 G - the +7 Throatcutter {drain, coup de grace}
   (You found it on level 7 of the Dungeon)
Missiles
 b - 4 javelins
Armour
 c - an orb of mayhem (worn)
 x - a +0 pair of gloves (worn)
 y - the +1 cloak of Iklierio (worn) {rPois Str+4}
   (You found it on level 6 of the Dungeon)

   Str+4:     It affects your strength (+4).
   rPois:     It protects you from poison
 B - the +3 hat of the Beggars (worn) {Int-2 Dex+7}
   (You acquired it on level 7 of the Dungeon)

   Int-2:     It affects your intelligence (-2).
   Dex+7:     It affects your dexterity (+7).
 H - a +0 kite shield
Jewellery
 q - a ring of protection from fire
 t - a ring of magical power (right hand)
 u - a ring of resist corrosion (left hand)
 D - an amulet of magic regeneration
Talismans
 f - a maw talisman
Wands
 h - a wand of flame (34)
 k - a wand of light (12)
 m - a wand of polymorph (6)
 A - a wand of roots (9)
Scrolls
 e - 9 scrolls of teleportation
 i - 4 scrolls of immolation
 p - a scroll of enchant armour
 r - 2 scrolls of amnesia
 I - a scroll of vulnerability
 J - a scroll of enchant weapon
 L - a scroll of poison
Potions
 d - 2 potions of curing
 g - 2 potions of attraction
 j - a potion of mutation
 l - 2 potions of enlightenment
 n - 2 potions of invisibility
 o - 3 potions of might
 s - 2 potions of brilliance {unknown}
 v - a potion of berserk rage
 w - 2 potions of ambrosia
 z - 2 potions of magic
 K - a potion of heal wounds {unknown}
 M - a potion of cancellation


   Skills:
 * Level 7.3 Fighting
 * Level 6.2 Dodging
 + Level 3.1 Stealth
 + Level 8.5 Unarmed Combat
 * Level 7.5 Spellcasting
 + Level 3.0 Transmutations
 + Level 3.3 Air Magic
 + Level 6.8 Poison Magic


You had 7 spell levels left.
You knew the following spells:

 Your Spells              Type           Power      Damage    Failure   Level
a - Sting                 Tmut/Pois      64%        1d6       1%          1
b - Poisonous Vapours     Pois/Air       32%        N/A       3%          2
c - Mephitic Cloud        Conj/Pois/Air  12%        N/A       12%         3
d - Olgreb's Toxic Radia  Pois           20%        N/A       10%         4
e - Swiftness             Air            12%        N/A       12%         3
f - Wereblood             Tmut           11%        N/A       7%          2
g - Teleport Other        Tloc           4%         N/A       43%         3

Your spell library contained the following spells:

 Spells                   Type           Power      Damage    Failure   Level
 Passwall                 Tmut/Erth      6%         N/A       13%         2
 Freeze                   Ice            16%        1d4       16%         1
 Summon Small Mammal      Summ           16%        N/A       16%         1
 Ensorcelled Hibernation  Hex/Ice        8%         N/A       24%         2
 Lesser Beckoning         Tloc           8%         N/A       24%         2
 Call Canine Familiar     Summ           4%         N/A       43%         3
 Frozen Ramparts          Ice            8%         1d2       43%         3
 Gell's Gravitas          Tloc           4%         N/A       43%         3
 Hailstorm                Conj/Ice       4%         3d4       43%         3
 Summon Guardian Golem    Hex/Summ       4%         N/A       43%         3
 Manifold Assault         Tloc           4%         N/A       83%         4
 Summon Ice Beast         Ice/Summ       4%         N/A       83%         4
 Irradiate                Conj/Tmut      4%         3d13      93%         5
 Dispersal                Tloc           2%         N/A       100%        6
 Simulacrum               Ice/Necr       2%         N/A       100%        6
 Disjunction              Tloc           2%         N/A       100%        8


Dungeon Overview and Level Annotations

Branches:
Dungeon (9/15)             Temple (1/1) D:5         Ossuary (visited)
   Lair: D:8-11         Orc: D:9-12

Altars:
Ashenzari
Cheibriados
Dithmenos
Elyvilon
Gozag
Hepliaklqana
Kikubaaqudgha
Makhleb
Nemelex Xobeh
Okawaru
Qazlal
Ru
Sif Muna
Trog
Uskayaw
Vehumet
Wu Jian
Xom
Yredelemnul
Zin
The Shining One

Shops:
D:3 =   D:8 ::

Annotations:
D:8 3 runed translucent doors, Tenar's ghost, journeyman TrFi
D:9 Erolcha


Innate Abilities, Weirdness & Mutations

You can breathe blasts of fire.
Your fiery red scales are hard. (AC +7)
You cannot fit into any form of body armour.
Your flesh is heat resistant. (rF+)
You are cold-blooded and may be slowed by cold attacks.
You are frail. (-10% HP)


Message History

You howl as the wereblood boils in your veins!
You howl as the wereblood boils in your veins!
Your primal bloodlust is almost over.
The spriggan defender skeleton hits you.
You closely miss the spriggan defender skeleton.
The spriggan defender skeleton hits you!
You closely miss the spriggan defender skeleton.
You howl as the wereblood boils in your veins!
A tormentor comes into view.
The spriggan defender skeleton completely misses you.
You punch the spriggan defender skeleton!
The spriggan defender skeleton is lightly damaged.
The spriggan defender skeleton barely misses you.
You closely miss the spriggan defender skeleton.
The spriggan defender skeleton is lightly damaged.
You howl as the wereblood boils in your veins!
The spriggan defender skeleton hits you but does no damage.
You punch the spriggan defender skeleton!
The spriggan defender skeleton is moderately damaged.
The spriggan defender skeleton closely misses you.
The tormentor says, "I will show you what pain is."
The spriggan defender skeleton closely misses you.
You pummel the spriggan defender skeleton!!
The spriggan defender skeleton is heavily damaged.
The spriggan defender skeleton hits you.
You hit the spriggan defender skeleton.
The spriggan defender skeleton is heavily damaged.
Your primal bloodlust has ended.
The spriggan defender skeleton hits you!
You pummel the spriggan defender skeleton!!
The spriggan defender skeleton is severely damaged.
The spriggan defender skeleton hits you!
* * * LOW HITPOINT WARNING * * *
You hit the spriggan defender skeleton.
The spriggan defender skeleton is almost destroyed.
The tormentor roars, "Face thy fugue, thou foppish fool-headed wormtrail!"
The spriggan defender skeleton hits you!
* * * LOW HITPOINT WARNING * * *
The spriggan defender skeleton hits you!
You die...

#.##...
...#...
# ##
...... #
..... #
. ..##..
.
......Z.
#### .
.##Z@# .
.. .
#.2### .
.#..##
#. #..
..
#######
# . . .


You could see a tormentor and a spriggan defender skeleton.

Vanquished Creatures
  A large abomination (Abyss:2)
  Pikel (D:6)
  Maurice (D:9)
  Maggie (D:6)
  Jeremiah (D:7)
  4 kobold demonologists (D:7)
  A troll (D:9)
  Grinder (D:6)
  A neqoxec (Abyss:2)
  A water moccasin (D:6)
  An orc warrior (D:9)
  2 black bears
  2 ogres
  2 phantoms
  4 kobold brigands
  Blork the orc (D:4)
  3 bullfrogs (D:6)
  16 scorpions
  4 wights (D:8)
  5 killer bees (D:6)
  4 electric eels (D:8)
  4 human zombies (Ossuary)
  2 centaur zombies (Ossuary)
  2 hounds
  Crazy Yiuf (D:7)
  2 orc priests
  2 sleepcaps (D:6)
  8 iguanas
  Natasha (thrice) (D:2)
  9 orc wizards
  9 scorpion zombies (Ossuary)
  2 mummies (Ossuary)
  4 gnolls
  7 adders
  2 white imps (D:5)
  A worm (D:3)
  2 dart slugs (D:1)
  16 orcs
  9 endoplasms
  7 giant cockroaches
  3 gnoll zombies (Ossuary)
  8 goblins
  9 hobgoblins
  2 jackals
  11 kobolds
  6 quokkas
  6 ball pythons
  A ball python skeleton (D:2)
  3 bats
  3 frilled lizards (D:1)
  A goblin zombie (Ossuary)
  2 hobgoblin zombies (Ossuary)
  2 orc zombies (Ossuary)
  2 quokka zombies (D:2)
  6 rats
214 creatures vanquished.

Vanquished Creatures (collateral kills)
  A gnoll sergeant (D:8)
  A scorpion (Ossuary)
  A killer bee (D:6)
  An electric eel (D:8)
  A centaur zombie (Ossuary)
  An orc (D:6)
  4 giant cockroaches (D:3)
  A bat (D:3)
  A goblin zombie (Ossuary)
  2 kobolds
14 creatures vanquished.

Vanquished Creatures (others)
  An orc priest (D:5)
  A mummy (Ossuary)
2 creatures vanquished.

Grand Total: 230 creatures vanquished

Notes
Turn   | Place    | Note
-------+----------+-------------------------------------------
     0 | D:1      | Lugonue the Draconian Venom Mage began the quest for the
                  | Orb.
     0 | D:1      | Reached XP level 1. HP: 14/14 MP: 3/3
   104 | D:1      | Reached XP level 2. HP: 19/20 MP: 5/5
   395 | D:1      | Reached skill level 1 in Unarmed Combat
   456 | D:1      | Reached XP level 3. HP: 26/26 MP: 4/6
   873 | D:1      | Learned a level 2 spell: Poisonous Vapours
  1621 | D:2      | Noticed Natasha
  1635 | D:2      | Killed Natasha
  1636 | D:2      | Reached skill level 2 in Unarmed Combat
  1636 | D:2      | Reached XP level 4. HP: 19/34 MP: 3/7
  1747 | D:2      | Noticed Natasha
  1758 | D:2      | Killed Natasha
  1759 | D:2      | Reached skill level 1 in Fighting
  1828 | D:2      | Noticed Natasha
  1847 | D:2      | Killed Natasha
  1971 | D:3      | Reached XP level 5. HP: 38/40 MP: 8/8
  2213 | D:3      | Found a snail-covered altar of Cheibriados.
  2353 | D:3      | Found a white marble altar of Elyvilon.
  2650 | D:3      | Found an ancient bone altar of Kikubaaqudgha.
  2667 | D:3      | Found a shadowy altar of Dithmenos.
  2767 | D:3      | Found Orur's Jewellery Shop.
  2785 | D:3      | Upgraded the game from 0.31-a0-851-g7ff8af7976 to
                  | 0.31-a0-854-g362426d53f
  3116 | D:4      | Learned a level 3 spell: Mephitic Cloud
  3153 | D:4      | Reached skill level 3 in Unarmed Combat
  3219 | D:4      | Noticed Blork the orc
  3219 | D:4      | Noticed an ogre
  3225 | D:4      | Noticed a phantom
  3250 | D:3      | Killed a phantom
  3251 | D:3      | Reached XP level 6. HP: 50/50 MP: 8/10
  3339 | D:4      | Found a sand-covered staircase.
  3348 | Ossuary  | Entered an ossuary
  3573 | Ossuary  | Reached skill level 4 in Unarmed Combat
  3573 | Ossuary  | Reached skill level 1 in Air Magic
  3573 | Ossuary  | Your scales start taking on a fiery red colour.
  3573 | Ossuary  | Reached XP level 7. HP: 54/57 MP: 4/11
  3573 | Ossuary  | Gained mutation: Your flesh is heat resistant. (rF+) [Red
                  | Draconian growth]
  3772 | Ossuary  | Reached skill level 5 in Unarmed Combat
  3905 | Ossuary  | Reached XP level 8. HP: 63/63 MP: 12/12
  3941 | Ossuary  | Reached skill level 6 in Unarmed Combat
  3995 | Ossuary  | Reached skill level 5 in Poison Magic
  4292 | D:4      | Learned a level 4 spell: Olgreb's Toxic Radiance
  4753 | D:4      | Noticed an angel
  4754 | D:4      | Found a glowing silver altar of Zin.
  4936 | D:4      | Reached skill level 7 in Unarmed Combat
  5020 | D:4      | Killed Blork the orc
  5232 | D:5      | Entered Level 5 of the Dungeon
  5243 | D:5      | Reached XP level 9. HP: 73/73 MP: 14/14
  5269 | D:5      | HP: 2/73 [something (2)]
  5278 | D:5      | Reached skill level 5 in Fighting
  5616 | D:5      | Found a staircase to the Ecumenical Temple.
  5625 | Temple   | Entered the Ecumenical Temple
  5754 | D:5      | Found an iron altar of Okawaru.
  5998 | D:5      | Found a hide-covered altar of Uskayaw.
  6446 | D:6      | Noticed Grinder
  6460 | D:6      | Killed Grinder
  6461 | D:6      | Reached skill level 5 in Dodging
  6552 | D:6      | Identified the +1 cloak of Iklierio {rPois Str+4}
  6623 | D:6      | Found a glowing golden altar of the Shining One.
  6869 | D:6      | Reached skill level 5 in Spellcasting
  7221 | D:6      | Noticed Pikel
  7241 | D:6      | Killed Pikel
  7242 | D:6      | Reached skill level 8 in Unarmed Combat
  7242 | D:6      | Reached XP level 10. HP: 48/83 MP: 15/18
  7381 | D:6      | Noticed Maggie
  7414 | D:6      | Killed Maggie
  7541 | D:7      | Found a bloodstained altar of Trog.
  7708 | D:7      | Noticed Jeremiah
  7713 | D:7      | Killed Jeremiah
  7798 | D:7      | Found a hazy altar of Hepliaklqana.
  7836 | D:7      | Identified 2 scrolls of acquirement
  7836 | D:7      | Acquired the +6 Majin-Bo {spellvamp, MP+6 Int+6}
  7836 | D:7      | Found the +6 Majin-Bo {spellvamp, MP+6 Int+6}
  8170 | D:7      | Found a runed translucent door.
  8171 | D:7      | Noticed Crazy Yiuf
  8194 | D:7      | Killed Crazy Yiuf
  8312 | D:7      | Found the +7 Throatcutter {drain, coup de grace}
  8317 | D:7      | Noticed a soul eater
  8327 | D:7      | Noticed a rust devil
  8464 | D:8      | Found Coned's Book Shoppe.
  8739 | D:7      | Acquired the +3 hat of the Beggars {Int-2 Dex+7}
  8765 | D:8      | Found a runed translucent gate.
  8769 | D:8      | Found a runed translucent gate.
  8769 | D:8      | Found a runed translucent gate.
  9141 | D:8      | Found a radiant altar of Vehumet.
  9150 | D:8      | Became a worshipper of Vehumet
  9524 | D:8      | Found Cerewk's Vocational Training.
  9703 | D:8      | Noticed Tenar's ghost (journeyman TrFi)
  9880 | D:9      | Noticed Maurice
  9892 | D:9      | Something stole an amulet of magic regeneration
  9898 | D:9      | Killed Maurice
 10211 | D:9      | Noticed Erolcha
 10212 | Abyss:2  | Upgraded the game from 0.31-a0-854-g362426d53f to
                  | 0.31-a0-859-g9dce7d3444
 10219 | Abyss:2  | Learned a level 3 spell: Swiftness
 10222 | Abyss:2  | Learned a level 2 spell: Wereblood
 10226 | Abyss:2  | Learned a level 3 spell: Teleport Other
 10235 | Abyss:2  | Noticed a thrashing horror
 10309 | Abyss:2  | Noticed a large abomination
 10311 | Abyss:2  | Gained mutation: You are frail. (-10% HP) [a neqoxec]
 10322 | Abyss:2  | Killed a large abomination
 10323 | Abyss:2  | Reached XP level 11. HP: 51/82 MP: 22/22
 10340 | Abyss:2  | HP: 3/82 [spriggan defender skeleton (14)]
 10340 | Abyss:2  | Mangled by a spriggan defender skeleton

Illustrated notes

Levels and vault maps discovered:
D:1:      wander_arrival_fairy_ring, layout_basic, minivault_24,
          chequers_serial_rivers_micro_a, serial_bayou_crossing
D:2:      layout_loops_cross, serial_undead, serial_undead_d, serial_undead_f,
          serial_undead_d, serial_undead_d, uniq_natasha
D:3:      minmay_roachtagon, layout_loops_corners,
          mainiacjoe_overflow_six_doors_small, mainiacjoe_overflow_24_doors,
          elyvilon_altar_1, mainiacjoe_overflow_alcove_2, serial_shops,
          nicolae_shop_gibbet_a_chance, minmay_misc_feat_doors, minmay_ruptured
D:4:      layout_cave_pools, zin_angel, nicolae_ossuary_entry_ruins,
          kennysheep_cross_room, minmay_starry_boxes, uniq_blork_the_orc
D:5:      layout_cave_pools, lemuel_doored_altar, kennysheep_okawaru_gauntlet,
          minmay_temple_entry_steel_oval, serial_column_ruins,
          column_ruins_grid_1, column_ruins_corridor_corner,
          column_ruins_grid_3, column_ruins_open_medium, column_ruins_corridor_T
D:6:      layout_gridville, nicolae_tso_swordbearing_angel,
          kennysheep_generic_room_16, uniq_pikel, uniq_grinder, uniq_maggie
D:7:      layout_loops_ring, mainiacjoe_overflow_small_starburst,
          trog_three_pillars_becter, dilly_guarded_unrand_throatcut,
          uniq_jeremiah, uniq_crazy_yiuf_cottage
D:8:      layout_rooms, amcnicky_altar_gilded, serial_bayou,
          serial_bayou_pond_c, serial_bayou_pond_c, serial_bayou_lagoon_b,
          serial_bayou_pond_c, gammafunk_ghost_icy, serial_shops, shop,
          nicolae_shop_vocational
D:9:      layout_gridville, uniq_maurice, uniq_erolcha
Temple:   zaba_magenta_temple
Abyss:2:  base: D:1, base:
D:1

Skill      XL: |  1  2  3  4  5  6  7  8  9 10 |
---------------+-------------------------------+-----
Unarmed Combat | 1 2 3 4 5 7 8 |  8.5
Dodging        | 2 3 4 5 6 |  6.2
Fighting       | 1 2 3 4 6 7 |  7.3
Stealth        | 2 3 |  3.1
Poison Magic   | 4 5 6 |  6.8
Air Magic      | 1 2 3 |  3.3
Spellcasting   | 3 5 7 |  7.5
Transmutations | 2 3 |  3.0

Action                     |  1- 3 |  4- 6 |  7- 9 | 10-12 || total
---------------------------+-------+-------+-------+-------++-------
  Melee: Unarmed           |   168 |   179 |   288 |    73 ||   708
         Tailslap          |    20 |    27 |    49 |    10 ||   106
         Punch             |     3 |     1 |       |     1 ||     5
         Bo                |       |       |       |     2 ||     2
   Cast: Sting             |    28 |    17 |    31 |    19 ||    95
         Poisonous Vapours |       |    10 |    38 |    13 ||    61
         Olgreb's Toxic Ra |       |       |     9 |    11 ||    20
         Mephitic Cloud    |       |       |     1 |       ||     1
         Wereblood         |       |       |       |     1 ||     1
Ability: Breathe Fire      |       |       |    15 |     5 ||    20
    Use: Scroll            |       |     6 |     9 |     8 ||    23
         Potion            |       |     1 |     3 |     3 ||     7
   Stab: Sleeping          |     4 |       |     1 |       ||     5
         Distracted        |       |     1 |       |       ||     1
 Armour: Skin              |    75 |   117 |   194 |    72 ||   458
  Dodge: Dodged            |   111 |   122 |   186 |    67 ||   486

Table legend: (Time is in decaauts)
 A = Elapsed time spent in this place.
 B = Non-inter-level travel time spent in this place.
 C = Inter-level travel time spent in this place.
 D = Time resting spent in this place.
 E = Time spent auto-exploring this place.
 F = Levels seen in this place.
 G = Mean time per level.
                   A        B        C        D        E       F      G
               +--------+--------+--------+--------+--------+-----+--------+
         Total |  10374 |  10058 |    316 |   1130 |   6055 |  12 |  864.5 |
       Dungeon |   9214 |   8898 |    316 |   1069 |   5680 |   9 | 1023.8 |
        Temple |    119 |    119 |      0 |      0 |      0 |   1 |  119.0 |
         Abyss |    124 |    124 |      0 |     55 |      6 |   1 |  124.0 |
       Ossuary |    915 |    915 |      0 |      6 |    369 |   1 |  915.0 |
               +--------+--------+--------+--------+--------+-----+--------+

Top non-repeatable levels by time:
     D:3: 1282 daAuts
     D:7: 1193 daAuts
     D:8: 1169 daAuts
     D:6: 1151 daAuts
     D:4: 1092 daAuts
     D:2: 1006 daAuts
     D:1: 944 daAuts
     D:5: 942 daAuts
 Ossuary: 915 daAuts
     D:9: 432 daAuts
 Abyss:2: 124 daAuts
  Temple: 119 daAuts
